Stars vs Lightning

Created - November-05-13 at 18:00

Goals
1 2 3 T
Stars 1 2 1 4
Lightning 2 0 4 6
Shots
1 2 3 T
Stars 8 10 9 27
Lightning 11 14 10 35

1st period

1. Lightning , Andrej Sekera 3 (Mike Knuble) at 0:57
2. Lightning , Martin St. Louis 12 (Brent Seabrook) at 1:27
3. Stars , Jason Pominville 6 (Roman Josi, Jay Bouwmeester) at 8:05 (PP)

Penalties :
Matt Frattin (TBL) for Hooking (Minor) at 4:18, Brent Seabrook (TBL) for Tripping (Minor) at 7:55, Brent Seabrook (TBL) for High sticking (Minor) at 14:06, Dalton Prout (DAL) for Tripping (Minor) at 16:23

2nd period

4. Stars , Colin Wilson 4 (Jay Bouwmeester, Zach Bogosian) at 6:25
5. Stars , Patrik Elias 5 (Zach Bogosian) at 11:17

Penalties :
Andrej Sekera (TBL) for Fighting (Major) at 0:43, Jay Bouwmeester (DAL) for Fighting (Major) at 0:43, Tyson Strachan (TBL) for Fighting (Major) at 1:01, Roman Josi (DAL) for Fighting (Major) at 1:01, Tyson Strachan (TBL) for instigated a fight (Game Misconduct) at 1:01, Marc Staal (DAL) for Holding (Minor) at 1:35, Teemu Selanne (TBL) for Hooking (Minor) at 8:34, Derick Brassard (DAL) for Hooking (Minor) at 8:34, Marc Staal (DAL) for Holding (Minor) at 15:38, Marc Staal (DAL) for Tripping (Minor) at 18:51

3rd period

6. Lightning , Tomas Plekanec 2 (Martin St. Louis) at 1:41 (PP)
7. Lightning , Mike Knuble 2 (Brooks Laich, Tim Gleason) at 14:00
8. Lightning , Mike Knuble 3 (Erik Gudbranson, Brooks Laich) at 14:40
9. Lightning , Luca Sbisa 2 (Martin St. Louis, Brent Seabrook) at 15:54 (PP)
10. Stars , Patrik Elias 6 (Jarome Iginla, Colin Wilson) at 18:35

Penalties :
Paul Stastny (DAL) for Slashing (Minor) at 1:29, Dalton Prout (DAL) for Hooking (Minor) at 7:00, Jason Pominville (DAL) for Cross-checking (Minor) at 15:21

Goalie Stats

Ilya Bryzgalov (DAL), 29 saves from 35 shots - (0.829), L, 2-6-1, 60:00 minutes
Jaroslav Halak (TBL), 23 saves from 27 shots - (0.852), W, 9-4-0, 60:00 minutes

Players Stats for Stars

Player Name              G  A  P  +/- PIM S  H  SB GA TA FO     MP     PP MP  PK MP  
------------------------------------------------------------------------------------
Alex Chiasson            0  0  0  -2  0   0  0  0  0  0  1/4    10:53   0:00   0:18 
Alex Galchenyuk          0  0  0   0  0   0  0  0  0  0  0/0     3:18   0:00   0:32 
Andy Greene              0  0  0  -1  0   2  0  2  0  0  0/0    25:10   0:00   5:12 
Colin Wilson             1  1  2   2  0   2  1  0  0  0  0/1    16:05   2:37   0:00 
Dalton Prout             0  0  0  -2  4   0  1  2  0  0  0/0    14:43   0:00   3:19 
David Moss               0  0  0  -2  0   0  0  1  0  0  3/3    17:15   0:00   6:40 
Derick Brassard          0  0  0  -2  2   1  0  0  0  0  6/12   10:34   0:00   0:00 
Devin Setoguchi          0  0  0   0  0   0  0  0  0  0  0/0     2:46   0:00   0:00 
Jarome Iginla            0  1  1   2  0   2  4  0  0  0  1/1    16:43   2:37   0:00 
Jason Pominville         1  0  1  -1  2   7  2  0  0  0  2/2    22:43   2:05   2:03 
Jay Bouwmeester          0  2  2   2  5   1  0  2  0  0  0/0    20:20   2:16   3:29 
Marc Staal               0  0  0  -1  6   3  6  2  0  0  0/0    24:46   2:25   2:27 
Marcel Goc               0  0  0   0  0   1  1  1  0  0  12/20   9:02   0:00   6:16 
Patrik Elias             2  0  2   2  0   6  0  0  0  0  11/19  16:43   2:37   0:00 
Paul Stastny             0  0  0  -1  2   1  1  1  0  0  20/33  23:39   2:05   2:59 
Roman Josi               0  1  1  -2  5   0  0  2  0  0  0/0    15:26   2:16   3:29 
Tyler Ennis              0  0  0  -1  0   1  1  0  0  0  1/2    17:55   2:05   0:00 
Zach Bogosian            0  2  2   2  0   0  2  0  0  0  0/0    19:10   2:26   0:16 

Players Stats for Lightning

Player Name              G  A  P  +/- PIM S  H  SB GA TA FO     MP     PP MP  PK MP  
------------------------------------------------------------------------------------
Andrej Meszaros          0  0  0   0  0   0  0  0  0  0  0/0    23:37   3:52   1:00 
Andrej Sekera            1  0  1   0  5   1  0  3  0  0  0/0    20:02   0:00   2:10 
Brent Seabrook           0  2  2   0  4   2  5  0  0  0  0/0    23:50   5:23   1:28 
Brooks Laich             0  2  2   1  0   1  0  1  0  0  0/0    12:33   0:00   0:00 
David Van Der Gulik      0  0  0   0  0   0  0  0  0  0  1/3     2:17   0:18   0:00 
Eric Fehr                0  0  0  -1  0   2  7  0  0  0  6/23   19:32   4:17   0:00 
Erik Gudbranson          0  1  1   0  0   1  3  0  0  0  0/0    12:39   0:00   0:18 
Luca Sbisa               1  0  1   0  0   3  2  2  0  0  0/0    20:51   5:23   1:51 
Martin St. Louis         1  2  3   1  0   5  1  0  0  0  1/4    23:15   4:58   1:27 
Matt Frattin             0  0  0   0  2   0  0  0  0  0  0/0     1:12   0:00   0:00 
Mike Knuble              2  1  3   1  0   3  2  0  0  0  0/0    11:47   0:00   0:00 
Nick Spaling             0  0  0   1  0   2  1  0  0  0  8/17   11:47   0:00   0:00 
Patrick Kane             0  0  0   1  0   7  1  0  0  0  1/5    24:16   4:40   1:27 
Teddy Purcell            0  0  0  -1  0   1  0  0  0  0  0/5    22:20   4:17   3:15 
Teemu Selanne            0  0  0  -1  2   1  1  1  0  0  5/9    22:15   4:17   3:15 
Tim Gleason              0  1  1   1  0   3  3  1  0  0  0/0    16:05   3:52   2:37 
Tomas Plekanec           1  0  1   1  0   3  1  0  0  0  18/31  20:38   4:58   0:00 
Tyson Strachan           0  0  0   1  17  0  0  0  0  0  0/0     2:52   0:00   0:00 

3 Stars

1 - Mike Knuble (TBL)
2 - Patrik Elias (DAL)
3 - Martin St. Louis (TBL)

Power Play

Stars - 1 on 4 Attempt(s) - 25.00%
Lightning - 2 on 7 Attempt(s) - 28.57%

Penalty Kill

Stars - 5 on 7 Attempt(s) - 71.43% - Score 0 goal in Penalty Kill
Lightning - 3 on 4 Attempt(s) - 75.00% - Score 0 goal in Penalty Kill

Official

Referees : Chris Rooney and Dave Jackson
Linesman : Jean Morin and Brian Murphy

Game Notes

Andrej Sekera beats up Jay Bouwmeester at 0:43 of 2nd period
Roman Josi beats up Tyson Strachan at 1:01 of 2nd period
Tyson Strachan ejected from game at 1:01 of 2nd period

Finance

Level 1 -- Attendance: 4360 (67.08%) -- Ticket Income $610,400
Level 2 -- Attendance: 3131 (62.62%) -- Ticket Income $297,445
Level 3 -- Attendance: 1909 (54.54%) -- Ticket Income $143,175
Level 4 -- Attendance: 1850 (49.23%) -- Ticket Income $83,250
Luxury Box -- Attendance: 535 (53.50%) -- Ticket Income $192,600
Game was played at the St.Pete Times Forum
Total Attendance: 11785 (59.65%)
Total Ticket Income: $1,326,870
Other Income: $199,030
Total Income: $1,525,900


% Time on Ice - Stars

Lines # - Real PCT - Wanted PCT - Time Play
Normal Forward
1 - 37% - 35% - 15:50
2 - 32% - 30% - 13:28
3 - 25% - 25% - 10:35
4 - 6% - 10% - 2:46
Normal Defense
1 - 38% - 35% - 16:14
2 - 35% - 34% - 15:02
3 - 25% - 26% - 10:34
4 - 2% - 5% - 0:49
PP Forward
1 - 56% - 55% - 2:37
2 - 44% - 45% - 2:05
PP Defense
1 - 52% - 65% - 2:26
2 - 48% - 35% - 2:16
PK Forward
1 - 78% - 60% - 7:12
2 - 22% - 40% - 2:03
PK Defense
1 - 56% - 60% - 5:12
2 - 44% - 40% - 4:03
PK3 Forward
1 - 0% - 60%
2 - 0% - 40%
PK3 Defense
1 - 0% - 60%
2 - 0% - 40%
44 Forward
1 - 81% - 60% - 2:46
2 - 19% - 40% - 0:38
44 Defense
1 - 58% - 60% - 1:58
2 - 42% - 40% - 1:26
Last Minute Offensive  - 0:00
Last Minute Defensive  - 0:00
Total
Forward - 60:00
Defense - 60:00

% Time on Ice - Lightning

Lines # - Real PCT - Wanted PCT - Time Play
Normal Forward
1 - 37% - 40% - 15:37
2 - 33% - 32% - 14:02
3 - 28% - 23% - 11:47
4 - 3% - 5% - 1:13
Normal Defense
1 - 38% - 40% - 16:15
2 - 28% - 30% - 11:45
3 - 18% - 20% - 7:48
4 - 16% - 10% - 6:51
PP Forward
1 - 54% - 60% - 4:58
2 - 46% - 40% - 4:17
PP Defense
1 - 58% - 60% - 5:23
2 - 42% - 40% - 3:52
PK Forward
1 - 69% - 60% - 3:15
2 - 31% - 40% - 1:27
PK Defense
1 - 61% - 60% - 2:51
2 - 39% - 40% - 1:51
PK3 Forward
1 - 0% - 60%
2 - 0% - 40%
PK3 Defense
1 - 0% - 60%
2 - 0% - 40%
44 Forward
1 - 100% - 60% - 3:24
2 - 0% - 40% - 0:00
44 Defense
1 - 45% - 60% - 1:32
2 - 55% - 40% - 1:52
Last Minute Offensive  - 0:00
Last Minute Defensive  - 0:00
Total
Forward - 60:00
Defense - 60:00

Play by Play

1st period


0:01 of 1st period - Tomas Plekanec wins face-off versus Paul Stastny in neutral zone.
0:10 of 1st period - Shot by Martin St. Louis.
0:10 of 1st period - Stopped by Ilya Bryzgalov without a rebound.
0:11 of 1st period - Patrik Elias wins face-off versus Teddy Purcell in Stars zone.
0:21 of 1st period - Off-side.
0:22 of 1st period - Nick Spaling wins face-off versus Derick Brassard in neutral zone.
0:49 of 1st period - Shot by Derick Brassard.
0:49 of 1st period - Shot Misses the Net.
0:55 of 1st period - Shot by Mike Knuble.
0:55 of 1st period - Shot Misses the Net.
0:57 of 1st period - Shot by Andrej Sekera.
0:57 of 1st period - Goal by Andrej Sekera - Stars : 0 - Lightning : 1.
0:58 of 1st period - Paul Stastny wins face-off versus Patrick Kane in neutral zone.
1:12 of 1st period - Andy Greene is hit by Brent Seabrook and loses puck.
1:27 of 1st period - Shot by Martin St. Louis.
1:27 of 1st period - Goal by Martin St. Louis - Stars : 0 - Lightning : 2.
1:28 of 1st period - Patrik Elias wins face-off versus Teemu Selanne in neutral zone.
1:38 of 1st period - Colin Wilson is hit by Erik Gudbranson and loses puck.
1:42 of 1st period - Patrik Elias is hit by Tim Gleason and loses puck.
2:57 of 1st period - Shot by Martin St. Louis.
2:57 of 1st period - Shot Misses the Net.
2:59 of 1st period - Shot by Martin St. Louis.
2:59 of 1st period - Stopped by Ilya Bryzgalov without a rebound.
3:00 of 1st period - Nick Spaling wins face-off versus Paul Stastny in Stars zone.
3:08 of 1st period - Icing by Dalton Prout.
3:09 of 1st period - Paul Stastny wins face-off versus Nick Spaling in Stars zone.
3:25 of 1st period - Icing by Jason Pominville.
3:26 of 1st period - Paul Stastny wins face-off versus Tomas Plekanec in Stars zone.
3:37 of 1st period - Shot by Jason Pominville.
3:37 of 1st period - Shot Blocked by Luca Sbisa.
4:18 of 1st period - Minor Penalty to Matt Frattin for Hooking.
4:19 of 1st period - Teemu Selanne wins face-off versus Patrik Elias in Lightning zone.
4:42 of 1st period - Shot by Marc Staal.
4:42 of 1st period - Shot Blocked by Tim Gleason.
4:44 of 1st period - Shot by Marc Staal.
4:44 of 1st period - Stopped by Jaroslav Halak without a rebound.
4:45 of 1st period - Teemu Selanne wins face-off versus Tyler Ennis in Lightning zone.
4:55 of 1st period - Jason Pominville is hit by Luca Sbisa.
6:09 of 1st period - Shot by Zach Bogosian.
6:09 of 1st period - Deflect By Jarome Iginla.
6:09 of 1st period - Stopped by Jaroslav Halak without a rebound.
6:10 of 1st period - Teemu Selanne wins face-off versus Patrik Elias in Lightning zone.
6:28 of 1st period - Icing by Marc Staal.
6:29 of 1st period - David Van Der Gulik wins face-off versus Derick Brassard in Stars zone.
6:54 of 1st period - Icing by Marc Staal.
6:55 of 1st period - Derick Brassard wins face-off versus Tomas Plekanec in Stars zone.
6:55 of 1st period - Derick Brassard is hit by Tomas Plekanec.
7:45 of 1st period - Patrik Elias is hit by Brent Seabrook and loses puck.
7:55 of 1st period - Minor Penalty to Brent Seabrook for Tripping.
7:56 of 1st period - Paul Stastny wins face-off versus Teemu Selanne in Lightning zone.
8:05 of 1st period - Shot by Roman Josi.
8:05 of 1st period - Deflect By Jason Pominville.
8:05 of 1st period - Goal by Jason Pominville - Stars : 1 - Lightning : 2.
8:06 of 1st period - Eric Fehr wins face-off versus Paul Stastny in neutral zone.
8:11 of 1st period - Shot by Teemu Selanne.
8:11 of 1st period - Shot Blocked by Dalton Prout.
8:25 of 1st period - Shot by Paul Stastny.
8:25 of 1st period - Deflect By Jason Pominville.
8:25 of 1st period - Stopped by Jaroslav Halak without a rebound.
8:26 of 1st period - Patrik Elias wins face-off versus Nick Spaling in Lightning zone.
9:30 of 1st period - Shot by Jason Pominville.
9:30 of 1st period - Shot Blocked by Andrej Sekera.
9:32 of 1st period - Shot by Tyler Ennis.
9:32 of 1st period - Shot Blocked by Andrej Sekera.
9:34 of 1st period - Shot by Paul Stastny.
9:34 of 1st period - Deflect By Jason Pominville.
9:34 of 1st period - Stopped by Jaroslav Halak without a rebound.
9:35 of 1st period - Tyler Ennis wins face-off versus Tomas Plekanec in Lightning zone.
9:35 of 1st period - Tyler Ennis is hit by Brent Seabrook.
9:40 of 1st period - Paul Stastny is hit by Brent Seabrook and loses puck.
10:14 of 1st period - Off-side.
10:15 of 1st period - Derick Brassard wins face-off versus Eric Fehr in neutral zone.
10:27 of 1st period - David Moss is hit by Eric Fehr and loses puck.
10:48 of 1st period - David Moss is hit by Eric Fehr.
10:55 of 1st period - Roman Josi is hit by Eric Fehr and loses puck.
11:28 of 1st period - Shot by Jason Pominville.
11:28 of 1st period - Stopped by Jaroslav Halak without a rebound.
11:29 of 1st period - Tomas Plekanec wins face-off versus Patrik Elias in Lightning zone.
11:38 of 1st period - Shot by Patrick Kane.
11:38 of 1st period - Shot Misses the Net.
11:44 of 1st period - Shot by Patrick Kane.
11:44 of 1st period - Shot Misses the Net.
11:46 of 1st period - Shot by Patrick Kane.
11:46 of 1st period - Shot Misses the Net.
11:48 of 1st period - Shot by Patrick Kane.
11:48 of 1st period - Shot Misses the Net.
12:00 of 1st period - Shot by Patrick Kane.
12:00 of 1st period - Deflect By Martin St. Louis.
12:00 of 1st period - Shot Misses the Net.
12:49 of 1st period - Shot by Paul Stastny.
12:49 of 1st period - Shot Blocked by Brooks Laich.
12:55 of 1st period - Shot by Andy Greene.
12:55 of 1st period - Stopped by Jaroslav Halak without a rebound.
12:56 of 1st period - Marcel Goc wins face-off versus Eric Fehr in Lightning zone.
13:21 of 1st period - Shot by Eric Fehr.
13:21 of 1st period - Shot Misses the Net.
13:27 of 1st period - Shot by Andrej Sekera.
13:27 of 1st period - Shot Blocked by Marcel Goc.
13:29 of 1st period - Shot by Luca Sbisa.
13:29 of 1st period - Stopped by Ilya Bryzgalov with a rebound.
13:31 of 1st period - Shot by Eric Fehr.
13:31 of 1st period - Stopped by Ilya Bryzgalov without a rebound.
13:32 of 1st period - Paul Stastny wins face-off versus Martin St. Louis in Stars zone.
14:06 of 1st period - Minor Penalty to Brent Seabrook for High sticking.
14:07 of 1st period - Teemu Selanne wins face-off versus Patrik Elias in Lightning zone.
15:00 of 1st period - Icing by Roman Josi.
15:01 of 1st period - Patrik Elias wins face-off versus Patrick Kane in Stars zone.
15:06 of 1st period - Luca Sbisa is hit by Jarome Iginla and loses puck.
15:29 of 1st period - Shot by Marc Staal.
15:29 of 1st period - Stopped by Jaroslav Halak with a rebound.
15:35 of 1st period - Shot by Zach Bogosian.
15:35 of 1st period - Shot Blocked by Teemu Selanne.
15:41 of 1st period - Shot by Marc Staal.
15:41 of 1st period - Shot Misses the Net.
15:57 of 1st period - Andrej Meszaros is hit by Paul Stastny.
16:23 of 1st period - Minor Penalty to Dalton Prout for Tripping.
16:24 of 1st period - Marcel Goc wins face-off versus Patrick Kane in Stars zone.
16:24 of 1st period - Marcel Goc is hit by Patrick Kane.
16:30 of 1st period - Brent Seabrook is hit by Marcel Goc and loses puck.
16:41 of 1st period - Shot by Tomas Plekanec.
16:41 of 1st period - Shot Blocked by Marc Staal.
16:43 of 1st period - Shot by Patrick Kane.
16:43 of 1st period - Stopped by Ilya Bryzgalov with a rebound.
16:45 of 1st period - Shot by Brent Seabrook.
16:45 of 1st period - Shot Misses the Net.
16:47 of 1st period - Shot by Patrick Kane.
16:47 of 1st period - Shot Blocked by Andy Greene.
16:55 of 1st period - Shot by Tomas Plekanec.
16:55 of 1st period - Shot Misses the Net.
16:57 of 1st period - Shot by Patrick Kane.
16:57 of 1st period - Deflect By Martin St. Louis.
16:57 of 1st period - Stopped by Ilya Bryzgalov without a rebound.
16:58 of 1st period - Eric Fehr wins face-off versus Marcel Goc in Stars zone.
16:59 of 1st period - Shot by Tim Gleason.
16:59 of 1st period - Shot Blocked by David Moss.
17:01 of 1st period - Shot by Teemu Selanne.
17:01 of 1st period - Shot Blocked by Roman Josi.
17:03 of 1st period - Shot by Andrej Meszaros.
17:03 of 1st period - Shot Misses the Net.
17:05 of 1st period - Shot by Tim Gleason.
17:05 of 1st period - Stopped by Ilya Bryzgalov without a rebound.
17:06 of 1st period - Eric Fehr wins face-off versus Marcel Goc in Stars zone.
17:27 of 1st period - Roman Josi is hit by Eric Fehr.
17:45 of 1st period - Shot by Teddy Purcell.
17:45 of 1st period - Shot Misses the Net.
17:59 of 1st period - Shot by Tomas Plekanec.
17:59 of 1st period - Shot Blocked by Paul Stastny.
18:01 of 1st period - Shot by Luca Sbisa.
18:01 of 1st period - Shot Blocked by Jay Bouwmeester.
18:03 of 1st period - Shot by Patrick Kane.
18:03 of 1st period - Shot Misses the Net.
18:05 of 1st period - Shot by Brent Seabrook.
18:05 of 1st period - Shot Misses the Net.
18:07 of 1st period - Shot by Brent Seabrook.
18:07 of 1st period - Stopped by Ilya Bryzgalov without a rebound.
18:08 of 1st period - Tomas Plekanec wins face-off versus Marcel Goc in Stars zone.
18:42 of 1st period - Shot by Colin Wilson.
18:42 of 1st period - Shot Misses the Net.
18:47 of 1st period - Nick Spaling is hit by Colin Wilson and loses puck.
19:22 of 1st period - Roman Josi is hit by Teemu Selanne and loses puck.
19:43 of 1st period - Shot by Teemu Selanne.
19:43 of 1st period - Stopped by Ilya Bryzgalov without a rebound.
19:44 of 1st period - Tomas Plekanec wins face-off versus Derick Brassard in Stars zone.
19:44 of 1st period - Tomas Plekanec is hit by Marc Staal.
19:50 of 1st period - Shot by Tomas Plekanec.
19:50 of 1st period - Shot Misses the Net.

2nd period


0:01 of 2nd period - Paul Stastny wins face-off versus Patrick Kane in neutral zone.
0:21 of 2nd period - Icing by Marc Staal.
0:22 of 2nd period - Paul Stastny wins face-off versus Eric Fehr in Stars zone.
0:41 of 2nd period - Shot by Paul Stastny.
0:41 of 2nd period - Stopped by Jaroslav Halak without a rebound.
0:42 of 2nd period - Tomas Plekanec wins face-off versus Patrik Elias in Lightning zone.
0:42 of 2nd period - Tomas Plekanec is hit by Jarome Iginla.
0:43 of 2nd period - Andrej Sekera beats up Jay Bouwmeester.
0:43 of 2nd period - Penalty to Andrej Sekera for Fighting.
0:43 of 2nd period - Penalty to Jay Bouwmeester for Fighting.
0:44 of 2nd period - Tomas Plekanec wins face-off versus Patrik Elias in Lightning zone.
0:44 of 2nd period - Tomas Plekanec is hit by Jarome Iginla.
0:56 of 2nd period - Shot by Colin Wilson.
0:56 of 2nd period - Deflect By Patrik Elias.
0:56 of 2nd period - Stopped by Jaroslav Halak without a rebound.
0:57 of 2nd period - Jason Pominville wins face-off versus Eric Fehr in Lightning zone.
1:01 of 2nd period - Roman Josi beats up Tyson Strachan.
1:01 of 2nd period - Penalty to Tyson Strachan for Fighting.
1:01 of 2nd period - Penalty to Roman Josi for Fighting.
1:01 of 2nd period - Penalty to Tyson Strachan for instigated a fight.
1:01 of 2nd period - Tyson Strachan is ejected from game.
1:02 of 2nd period - Teemu Selanne wins face-off versus Colin Wilson in Lightning zone.
1:32 of 2nd period - Shot by Luca Sbisa.
1:32 of 2nd period - Stopped by Ilya Bryzgalov with a rebound.
1:35 of 2nd period - Minor Penalty to Marc Staal for Holding.
1:36 of 2nd period - Paul Stastny wins face-off versus Teddy Purcell in Stars zone.
2:08 of 2nd period - Shot by Patrick Kane.
2:08 of 2nd period - Shot Blocked by Andy Greene.
2:12 of 2nd period - Shot by Patrick Kane.
2:12 of 2nd period - Stopped by Ilya Bryzgalov without a rebound.
2:13 of 2nd period - Paul Stastny wins face-off versus Teemu Selanne in Stars zone.
2:31 of 2nd period - Jason Pominville is hit by Luca Sbisa and loses puck.
2:46 of 2nd period - Shot by Patrick Kane.
2:46 of 2nd period - Stopped by Ilya Bryzgalov with a rebound.
2:48 of 2nd period - Shot by Andrej Meszaros.
2:48 of 2nd period - Shot Misses the Net.
2:50 of 2nd period - Shot by Andrej Meszaros.
2:50 of 2nd period - Shot Misses the Net.
3:18 of 2nd period - Shot by Tomas Plekanec.
3:18 of 2nd period - Stopped by Ilya Bryzgalov without a rebound.
3:19 of 2nd period - Marcel Goc wins face-off versus Eric Fehr in Stars zone.
3:41 of 2nd period - Shot by Jarome Iginla.
3:41 of 2nd period - Shot Misses the Net.
3:49 of 2nd period - Shot by Patrik Elias.
3:49 of 2nd period - Stopped by Jaroslav Halak without a rebound.
3:50 of 2nd period - Derick Brassard wins face-off versus David Van Der Gulik in Lightning zone.
3:50 of 2nd period - Derick Brassard is hit by Tim Gleason.
4:01 of 2nd period - Shot by Erik Gudbranson.
4:01 of 2nd period - Shot Misses the Net.
4:04 of 2nd period - Icing by Andy Greene.
4:05 of 2nd period - Derick Brassard wins face-off versus Tomas Plekanec in Stars zone.
4:11 of 2nd period - Icing by David Moss.
4:12 of 2nd period - Tomas Plekanec wins face-off versus Alex Chiasson in Stars zone.
4:23 of 2nd period - Shot by Patrick Kane.
4:23 of 2nd period - Stopped by Ilya Bryzgalov without a rebound.
4:24 of 2nd period - Paul Stastny wins face-off versus Eric Fehr in Stars zone.
4:53 of 2nd period - Shot by Paul Stastny.
4:53 of 2nd period - Shot Misses the Net.
4:55 of 2nd period - Shot by Marc Staal.
4:55 of 2nd period - Stopped by Jaroslav Halak without a rebound.
4:56 of 2nd period - Patrik Elias wins face-off versus Tomas Plekanec in Lightning zone.
5:19 of 2nd period - Shot by Patrick Kane.
5:19 of 2nd period - Stopped by Ilya Bryzgalov without a rebound.
5:20 of 2nd period - Nick Spaling wins face-off versus Alex Chiasson in Stars zone.
5:36 of 2nd period - Shot by Tim Gleason.
5:36 of 2nd period - Stopped by Ilya Bryzgalov with a rebound.
5:38 of 2nd period - Shot by Nick Spaling.
5:38 of 2nd period - Stopped by Ilya Bryzgalov without a rebound.
5:39 of 2nd period - Jason Pominville wins face-off versus Tomas Plekanec in Stars zone.
6:00 of 2nd period - Shot by Patrick Kane.
6:00 of 2nd period - Stopped by Ilya Bryzgalov with a rebound.
6:02 of 2nd period - Shot by Martin St. Louis.
6:02 of 2nd period - Shot Misses the Net.
6:04 of 2nd period - Shot by Patrick Kane.
6:04 of 2nd period - Shot Misses the Net.
6:06 of 2nd period - Shot by Erik Gudbranson.
6:06 of 2nd period - Stopped by Ilya Bryzgalov without a rebound.
6:07 of 2nd period - Patrik Elias wins face-off versus Teemu Selanne in Stars zone.
6:09 of 2nd period - Icing by Zach Bogosian.
6:10 of 2nd period - Patrik Elias wins face-off versus Eric Fehr in Stars zone.
6:25 of 2nd period - Shot by Colin Wilson.
6:25 of 2nd period - Goal by Colin Wilson - Stars : 2 - Lightning : 2.
6:26 of 2nd period - Tomas Plekanec wins face-off versus Paul Stastny in neutral zone.
6:37 of 2nd period - Icing by Andy Greene.
6:38 of 2nd period - Paul Stastny wins face-off versus Eric Fehr in Stars zone.
6:47 of 2nd period - Shot by Jason Pominville.
6:47 of 2nd period - Shot Misses the Net.
8:08 of 2nd period - Zach Bogosian is hit by Eric Fehr and loses puck.
8:34 of 2nd period - Minor Penalty to Teemu Selanne for Hooking.
8:34 of 2nd period - Minor Penalty to Derick Brassard for Hooking.
8:35 of 2nd period - Martin St. Louis wins face-off versus Paul Stastny in neutral zone.
8:46 of 2nd period - Shot by Patrick Kane.
8:46 of 2nd period - Stopped by Ilya Bryzgalov without a rebound.
8:47 of 2nd period - Paul Stastny wins face-off versus Martin St. Louis in Stars zone.
10:30 of 2nd period - Icing by Andy Greene.
10:31 of 2nd period - Patrick Kane wins face-off versus Paul Stastny in Stars zone.
10:54 of 2nd period - Shot by David Moss.
10:54 of 2nd period - Shot Blocked by Andrej Sekera.
11:08 of 2nd period - Shot by Alex Chiasson.
11:08 of 2nd period - Shot Misses the Net.
11:13 of 2nd period - Icing by Andrej Sekera.
11:14 of 2nd period - Patrik Elias wins face-off versus Nick Spaling in Lightning zone.
11:17 of 2nd period - Shot by Patrik Elias.
11:17 of 2nd period - Goal by Patrik Elias - Stars : 3 - Lightning : 2.
11:18 of 2nd period - Tomas Plekanec wins face-off versus Patrik Elias in neutral zone.
11:35 of 2nd period - Shot by Jarome Iginla.
11:35 of 2nd period - Stopped by Jaroslav Halak without a rebound.
11:36 of 2nd period - Eric Fehr wins face-off versus Marcel Goc in Lightning zone.
11:38 of 2nd period - Icing by Andrej Meszaros.
11:39 of 2nd period - Paul Stastny wins face-off versus Eric Fehr in Lightning zone.
11:42 of 2nd period - Shot by Jason Pominville.
11:42 of 2nd period - Stopped by Jaroslav Halak without a rebound.
11:43 of 2nd period - Tomas Plekanec wins face-off versus Paul Stastny in Lightning zone.
11:54 of 2nd period - Shot by Tomas Plekanec.
11:54 of 2nd period - Shot Misses the Net.
12:36 of 2nd period - Icing by Patrick Kane.
12:37 of 2nd period - Tomas Plekanec wins face-off versus Derick Brassard in Lightning zone.
13:07 of 2nd period - Shot by Alex Chiasson.
13:07 of 2nd period - Shot Misses the Net.
14:13 of 2nd period - Shot by Nick Spaling.
14:13 of 2nd period - Stopped by Ilya Bryzgalov without a rebound.
14:14 of 2nd period - Paul Stastny wins face-off versus Tomas Plekanec in Stars zone.
14:27 of 2nd period - Shot by Jason Pominville.
14:27 of 2nd period - Deflect By Tyler Ennis.
14:27 of 2nd period - Stopped by Jaroslav Halak with a rebound.
14:29 of 2nd period - Shot by Marc Staal.
14:29 of 2nd period - Shot Misses the Net.
14:31 of 2nd period - Shot by Paul Stastny.
14:31 of 2nd period - Shot Misses the Net.
14:49 of 2nd period - Icing by Brent Seabrook.
14:50 of 2nd period - Derick Brassard wins face-off versus Tomas Plekanec in Lightning zone.
15:25 of 2nd period - Shot by Derick Brassard.
15:25 of 2nd period - Shot Misses the Net.
15:27 of 2nd period - Shot by Derick Brassard.
15:27 of 2nd period - Stopped by Jaroslav Halak without a rebound.
15:28 of 2nd period - Paul Stastny wins face-off versus Eric Fehr in Lightning zone.
15:38 of 2nd period - Minor Penalty to Marc Staal for Holding.
15:39 of 2nd period - Eric Fehr wins face-off versus Marcel Goc in Stars zone.
17:18 of 2nd period - Shot by Brent Seabrook.
17:18 of 2nd period - Shot Misses the Net.
17:20 of 2nd period - Shot by Eric Fehr.
17:20 of 2nd period - Shot Misses the Net.
17:22 of 2nd period - Shot by Eric Fehr.
17:22 of 2nd period - Stopped by Ilya Bryzgalov with a rebound.
17:24 of 2nd period - Shot by Brent Seabrook.
17:24 of 2nd period - Shot Hit the Post.
17:26 of 2nd period - Shot by Brent Seabrook.
17:26 of 2nd period - Stopped by Ilya Bryzgalov without a rebound.
17:27 of 2nd period - Tomas Plekanec wins face-off versus Paul Stastny in Stars zone.
17:43 of 2nd period - Nick Spaling is hit by Zach Bogosian and loses puck.
18:51 of 2nd period - Minor Penalty to Marc Staal for Tripping.
18:52 of 2nd period - Tomas Plekanec wins face-off versus Marcel Goc in Stars zone.
19:10 of 2nd period - Off-side.
19:11 of 2nd period - Marcel Goc wins face-off versus Eric Fehr in neutral zone.
19:24 of 2nd period - Andy Greene is hit by Eric Fehr and loses puck.
19:36 of 2nd period - Icing by Teemu Selanne.
19:37 of 2nd period - Marcel Goc wins face-off versus Eric Fehr in Lightning zone.

3rd period


0:01 of 3rd period - Tomas Plekanec wins face-off versus Marcel Goc in neutral zone.
0:57 of 3rd period - Andrej Meszaros is hit by Jarome Iginla and loses puck.
1:10 of 3rd period - Shot by Patrik Elias.
1:10 of 3rd period - Stopped by Jaroslav Halak without a rebound.
1:11 of 3rd period - Marcel Goc wins face-off versus Nick Spaling in Lightning zone.
1:19 of 3rd period - Alex Galchenyuk is hit by Erik Gudbranson and loses puck.
1:25 of 3rd period - Icing by Erik Gudbranson.
1:26 of 3rd period - Nick Spaling wins face-off versus Paul Stastny in Lightning zone.
1:28 of 3rd period - Tim Gleason is hit by Jason Pominville and loses puck.
1:29 of 3rd period - Minor Penalty to Paul Stastny for Slashing.
1:30 of 3rd period - Marcel Goc wins face-off versus Tomas Plekanec in Stars zone.
1:41 of 3rd period - Shot by Martin St. Louis.
1:41 of 3rd period - Deflect By Tomas Plekanec.
1:41 of 3rd period - Goal by Tomas Plekanec - Stars : 3 - Lightning : 3.
1:42 of 3rd period - Eric Fehr wins face-off versus Paul Stastny in neutral zone.
2:27 of 3rd period - Shot by Jason Pominville.
2:27 of 3rd period - Stopped by Jaroslav Halak with a rebound.
2:42 of 3rd period - Icing by Eric Fehr.
2:43 of 3rd period - Alex Chiasson wins face-off versus Teddy Purcell in Lightning zone.
2:55 of 3rd period - Icing by Luca Sbisa.
2:56 of 3rd period - Jarome Iginla wins face-off versus Eric Fehr in Lightning zone.
3:26 of 3rd period - Patrick Kane is hit by Dalton Prout and loses puck.
3:37 of 3rd period - Shot by Patrick Kane.
3:37 of 3rd period - Shot Misses the Net.
3:39 of 3rd period - Shot by Tomas Plekanec.
3:39 of 3rd period - Shot Blocked by Dalton Prout.
3:44 of 3rd period - Icing by Dalton Prout.
3:45 of 3rd period - Nick Spaling wins face-off versus Patrik Elias in Stars zone.
3:48 of 3rd period - Shot by Brooks Laich.
3:48 of 3rd period - Stopped by Ilya Bryzgalov without a rebound.
3:49 of 3rd period - Paul Stastny wins face-off versus Nick Spaling in Stars zone.
3:49 of 3rd period - Marc Staal is hit by Mike Knuble and loses puck.
6:02 of 3rd period - Shot by Derick Brassard.
6:02 of 3rd period - Shot Misses the Net.
6:09 of 3rd period - Icing by Brent Seabrook.
6:10 of 3rd period - Patrik Elias wins face-off versus Tomas Plekanec in Lightning zone.
6:19 of 3rd period - Shot by Patrik Elias.
6:19 of 3rd period - Stopped by Jaroslav Halak without a rebound.
6:20 of 3rd period - Marcel Goc wins face-off versus Teddy Purcell in Lightning zone.
6:29 of 3rd period - Shot by Alex Galchenyuk.
6:29 of 3rd period - Shot Misses the Net.
7:00 of 3rd period - Minor Penalty to Dalton Prout for Hooking.
7:01 of 3rd period - David Moss wins face-off versus Martin St. Louis in Stars zone.
7:10 of 3rd period - Shot by Tim Gleason.
7:10 of 3rd period - Stopped by Ilya Bryzgalov without a rebound.
7:11 of 3rd period - Marcel Goc wins face-off versus Eric Fehr in Stars zone.
7:28 of 3rd period - Shot by Brent Seabrook.
7:28 of 3rd period - Shot Misses the Net.
8:51 of 3rd period - Jay Bouwmeester is hit by Eric Fehr and loses puck.
9:16 of 3rd period - Shot by Nick Spaling.
9:16 of 3rd period - Shot Blocked by Marc Staal.
9:18 of 3rd period - Shot by Mike Knuble.
9:18 of 3rd period - Stopped by Ilya Bryzgalov without a rebound.
9:19 of 3rd period - Marcel Goc wins face-off versus Nick Spaling in Stars zone.
9:23 of 3rd period - Devin Setoguchi is hit by Nick Spaling and loses puck.
9:27 of 3rd period - Jay Bouwmeester is hit by Erik Gudbranson and loses puck.
9:49 of 3rd period - Icing by Andrej Sekera.
9:50 of 3rd period - Patrik Elias wins face-off versus Nick Spaling in Lightning zone.
10:21 of 3rd period - Icing by Brooks Laich.
10:22 of 3rd period - Nick Spaling wins face-off versus Paul Stastny in Lightning zone.
10:22 of 3rd period - Andrej Sekera is hit by Tyler Ennis and loses puck.
10:56 of 3rd period - Off-side.
10:57 of 3rd period - David Moss wins face-off versus Eric Fehr in neutral zone.
11:32 of 3rd period - Icing by David Moss.
11:33 of 3rd period - Tomas Plekanec wins face-off versus Alex Chiasson in Stars zone.
11:50 of 3rd period - Shot by Andy Greene.
11:50 of 3rd period - Stopped by Jaroslav Halak without a rebound.
11:51 of 3rd period - Paul Stastny wins face-off versus David Van Der Gulik in Lightning zone.
11:52 of 3rd period - Shot by Jay Bouwmeester.
11:52 of 3rd period - Stopped by Jaroslav Halak without a rebound.
11:53 of 3rd period - Paul Stastny wins face-off versus Tomas Plekanec in Lightning zone.
12:18 of 3rd period - Shot by Patrick Kane.
12:18 of 3rd period - Shot Misses the Net.
12:20 of 3rd period - Shot by Martin St. Louis.
12:20 of 3rd period - Stopped by Ilya Bryzgalov with a rebound.
12:39 of 3rd period - Paul Stastny is hit by Brent Seabrook and loses puck.
12:58 of 3rd period - Patrick Kane is hit by Marc Staal and loses puck.
13:10 of 3rd period - Teddy Purcell is hit by Marc Staal and loses puck.
13:13 of 3rd period - Shot by Teemu Selanne.
13:13 of 3rd period - Shot Misses the Net.
13:24 of 3rd period - Teemu Selanne is hit by Marc Staal and loses puck.
14:00 of 3rd period - Shot by Brooks Laich.
14:00 of 3rd period - Deflect By Mike Knuble.
14:00 of 3rd period - Goal by Mike Knuble - Stars : 3 - Lightning : 4.
14:01 of 3rd period - Derick Brassard wins face-off versus Nick Spaling in neutral zone.
14:01 of 3rd period - Derick Brassard is hit by Mike Knuble.
14:04 of 3rd period - Off-side.
14:05 of 3rd period - Nick Spaling wins face-off versus Derick Brassard in neutral zone.
14:36 of 3rd period - Shot by Brooks Laich.
14:36 of 3rd period - Shot Misses the Net.
14:38 of 3rd period - Shot by Erik Gudbranson.
14:38 of 3rd period - Shot Blocked by Roman Josi.
14:40 of 3rd period - Shot by Mike Knuble.
14:40 of 3rd period - Goal by Mike Knuble - Stars : 3 - Lightning : 5.
14:41 of 3rd period - Tomas Plekanec wins face-off versus Paul Stastny in neutral zone.
14:43 of 3rd period - Andrej Sekera is hit by Zach Bogosian and loses puck.
15:10 of 3rd period - Shot by Jason Pominville.
15:10 of 3rd period - Shot Misses the Net.
15:12 of 3rd period - Shot by Jay Bouwmeester.
15:12 of 3rd period - Shot Blocked by Luca Sbisa.
15:21 of 3rd period - Minor Penalty to Jason Pominville for Cross-checking.
15:22 of 3rd period - Marcel Goc wins face-off versus Teddy Purcell in Stars zone.
15:22 of 3rd period - Marcel Goc is hit by Tim Gleason.
15:32 of 3rd period - Shot by Teddy Purcell.
15:32 of 3rd period - Shot Misses the Net.
15:34 of 3rd period - Shot by Teddy Purcell.
15:34 of 3rd period - Stopped by Ilya Bryzgalov without a rebound.
15:35 of 3rd period - Marcel Goc wins face-off versus Eric Fehr in Stars zone.
15:44 of 3rd period - Shot by David Moss.
15:44 of 3rd period - Deflect By Marcel Goc.
15:44 of 3rd period - Stopped by Jaroslav Halak without a rebound.
15:45 of 3rd period - Tomas Plekanec wins face-off versus Marcel Goc in Lightning zone.
15:50 of 3rd period - Shot by Brent Seabrook.
15:50 of 3rd period - Shot Misses the Net.
15:54 of 3rd period - Shot by Luca Sbisa.
15:54 of 3rd period - Goal by Luca Sbisa - Stars : 3 - Lightning : 6.
15:55 of 3rd period - Paul Stastny wins face-off versus Tomas Plekanec in neutral zone.
15:55 of 3rd period - Paul Stastny is hit by Martin St. Louis.
16:03 of 3rd period - Shot by Jason Pominville.
16:03 of 3rd period - Stopped by Jaroslav Halak without a rebound.
16:04 of 3rd period - Tomas Plekanec wins face-off versus Paul Stastny in Lightning zone.
16:25 of 3rd period - Martin St. Louis is hit by Marc Staal and loses puck.
16:47 of 3rd period - Tomas Plekanec is hit by Jason Pominville and loses puck.
17:35 of 3rd period - Shot by Teemu Selanne.
17:35 of 3rd period - Shot Blocked by Jay Bouwmeester.
17:37 of 3rd period - Shot by Teddy Purcell.
17:37 of 3rd period - Shot Misses the Net.
17:52 of 3rd period - Icing by Alex Chiasson.
17:53 of 3rd period - David Moss wins face-off versus Nick Spaling in Stars zone.
17:59 of 3rd period - Icing by Zach Bogosian.
18:00 of 3rd period - Nick Spaling wins face-off versus Derick Brassard in Stars zone.
18:33 of 3rd period - Shot by Patrik Elias.
18:33 of 3rd period - Deflect By Colin Wilson.
18:33 of 3rd period - Stopped by Jaroslav Halak with a rebound.
18:35 of 3rd period - Shot by Jarome Iginla.
18:35 of 3rd period - Deflect By Patrik Elias.
18:35 of 3rd period - Goal by Patrik Elias - Stars : 4 - Lightning : 6.
18:36 of 3rd period - Paul Stastny wins face-off versus Tomas Plekanec in neutral zone.
18:43 of 3rd period - Shot by Jason Pominville.
18:43 of 3rd period - Shot Misses the Net.
18:57 of 3rd period - Shot by Patrick Kane.
18:57 of 3rd period - Shot Misses the Net.
18:59 of 3rd period - Shot by Tomas Plekanec.
18:59 of 3rd period - Stopped by Ilya Bryzgalov without a rebound.
19:00 of 3rd period - Patrik Elias wins face-off versus Eric Fehr in Stars zone.
19:53 of 3rd period - Andrej Meszaros is hit by Marc Staal.


Output by the SimonT Hockey Simulator (STHS) for Stephane Roy -- Original Page W3C XHTML 1.0 Valid
Hockey Simulator - Hockey Simulation - Hockey Manager